 Dungeon Crawl Stone Soup version 0.30-a0-760-g5a9884bb7c (webtiles) character file.

Game seed: 8457870747201479420

679 epen the Magician (level 7, -3/51 HPs)
             Began as a Gnoll Wanderer on Feb 10, 2023.
             Was a Believer of Qazlal.
             Slain by an ogre
             ... wielding a +0 giant club
              (31 damage)
             ... on level 6 of the Dungeon.
             The game lasted 00:07:01 (4280 turns).

epen the Magician (Gnoll Wanderer)                  Turns: 4280, Time: 00:07:02

Health: -3/51      AC:  7    Str: 11    XL:     7   Next: 60%
Magic:  24/24      EV: 12    Int: 13    God:    Qazlal [**....]
Gold:   271        SH:  3    Dex: 18    Spells: 16/17 levels left

rFire   . . .      SeeInvis .    a - +2 hand axe
rCold   . . .      Faith    .    (no shield)
rNeg    . . .      Spirit   .    o - +0 ring mail
rPois   .          Reflect  .    (no helmet)
rElec   .          Harm     .    n - +0 cloak
rCorr   .          Rampage  .    (no gloves)
Will    .....                    w - +0 pair of boots
Stlth   ++                       f - amulet of the acrobat
HPRegen 0.28/turn                u - ring of magical power
MPRegen 0.19/turn                x - +6 ring of dexterity

@: no status effects
A: fangs 1, strong nose, distributed training
a: Renounce Religion, Upheaval


You were on level 6 of the Dungeon.
You worshipped Qazlal.
Qazlal was pleased with you.
You visited 1 branch of the dungeon, and saw 6 of its levels.

You collected 271 gold pieces.

Inventory:

Hand Weapons
 a - a +2 hand axe (weapon)
 c - a +0 dagger
 m - a +0 war axe
Missiles
 b - 20 poisoned darts (quivered)
Armour
 e - a +0 robe
 n - a +0 cloak (worn)
 o - a +0 ring mail (worn)
 q - a +0 pair of boots
 w - a +0 pair of boots (worn)
Jewellery
 f - an amulet of the acrobat (around neck)
 u - a ring of magical power (left hand)
 x - a +6 ring of dexterity (right hand)
Scrolls
 h - 4 scrolls of identify
 j - 2 scrolls of teleportation
 k - 2 scrolls of blinking {unknown}
 p - a scroll of fog {unknown}
 y - a scroll of noise {unknown}
 z - a scroll of immolation {unknown}
 A - a scroll of enchant weapon {unknown}
Potions
 d - 2 potions of attraction
 g - 3 potions of might
 i - a potion of curing {unknown}
 l - a potion of lignification {unknown}
 r - a potion of magic {unknown}
 s - a potion of flight {unknown}
 t - 2 potions of ambrosia
 v - a potion of brilliance {unknown}


   Skills:
 + Level 2.7 Fighting
 + Level 2.7 Short Blades
 + Level 2.7 Long Blades
 + Level 5.3 Axes
 + Level 2.7 Maces & Flails
 + Level 2.7 Polearms
 + Level 2.7 Staves
 + Level 2.7 Ranged Weapons
 + Level 5.3 Throwing
 + Level 2.7 Armour
 + Level 3.8 Dodging
 + Level 3.6 Stealth
 + Level 2.7 Shields
 + Level 2.7 Unarmed Combat
 + Level 5.7 Spellcasting
 + Level 2.2 Conjurations
 + Level 2.2 Hexes
 + Level 2.2 Summonings
 + Level 2.2 Necromancy
 + Level 2.2 Translocations
 + Level 2.2 Transmutations
 + Level 2.2 Fire Magic
 + Level 2.2 Ice Magic
 + Level 4.4 Air Magic
 + Level 2.2 Earth Magic
 + Level 2.2 Poison Magic
 + Level 3.0 Invocations
 + Level 2.7 Evocations


You had 16 spell levels left.
You knew the following spells:

 Your Spells              Type           Power      Damage    Failure   Level
a - Shock                 Conj/Air       48%        1d6       10%         1

Your spell library contained the following spells:

 Spells                   Type           Power      Damage    Failure   Level
 Mephitic Cloud           Conj/Pois/Air  11%        N/A       34%         3
 Ozocubu's Armour         Ice            9%         N/A       43%         3
 Metabolic Englaciation   Hex/Ice        4%         N/A       99%         5
 Simulacrum               Ice/Necr       4%         N/A       100%        6


Dungeon Overview and Level Annotations

Branches:
Dungeon (6/15)             Temple (0/1) D:4

Altars:
Kikubaaqudgha
Qazlal
Uskayaw
Vehumet
Xom

Annotations:
D:5 2 runed translucent doors


Innate Abilities, Weirdness & Mutations

You have very sharp teeth.
Your uncanny sense of smell can sniff out nearby items.
Your experience applies equally to all skills.


Message History

g - 3 potions of might (gained 1)
Found a stone staircase leading up.
Found a stone staircase leading up.
You see here a +0 mace of holy wrath.
You open the door.
There is an open door here.
There is an open door here.
Found a stone staircase leading down.
There is an open door here.
Could not explore, unopened runed door.
Okay, then.
(D) Dungeon (T) Temple
Where to? (Enter - D:5, ? - help)
There is an open door here.
There is a stone staircase leading down here.
You climb downwards.
Found 14 gold pieces.
There is a stone staircase leading up here.
You now have 271 gold pieces (gained 14).
There is a stone staircase leading up here.
There is a stone staircase leading up here.
d - 2 potions of attraction (gained 1)
An ogre comes into view. It is wielding a +0 giant club.
An ogre is nearby!
The ogre shouts!
A bullfrog comes into view.
The bullfrog croaks.
You hit the ogre.
The ogre is lightly wounded.
You block the ogre's attack.
You hit the ogre.
The ogre is moderately wounded.
You slash the ogre!
The ogre is heavily wounded.
The ogre hits you with a +0 giant club!!
You hit the ogre.
The ogre is severely wounded.
The ogre hits you with a +0 giant club!!
Ouch! That really hurt!
You die...

##.#. ... ... ...
#.# # #F# #.#O# #
#+# #.#@##.# #.#
#......# #.#
###.#### ####.####
#.# #.......###
#.# #.........#
#.#
#.#...#.#.####.#
###.##..#........#
....###.###.######


You could see an ogre and a bullfrog.

Vanquished Creatures
  An ice beast (D:5)
  A black bear (D:5)
  A scorpion (D:4)
  2 howler monkeys (D:5)
  3 hounds
  2 orc priests
  An iguana (D:5)
  An orc wizard (D:4)
  2 gnolls
  3 adders
  2 worms
  4 dart slugs
  12 orcs
  9 ball pythons
  3 bats
  11 endoplasms
  A giant cockroach (D:4)
  8 goblins
  5 hobgoblins
  5 jackals
  6 quokkas
  3 frilled lizards
  4 kobolds
  4 rats
94 creatures vanquished.

Notes
Turn   | Place    | Note
-------+----------+-------------------------------------------
     0 | D:1      | epen the Gnoll Wanderer began the quest for the Orb.
     0 | D:1      | epen set off with the following items: a +2 hand axe, 10
                  | poisoned darts, a +0 dagger, a potion of attraction, a +0
                  | robe; and the following spell memorised: Shock; and the
                  | following spells available to memorise: Mephitic Cloud.
     0 | D:1      | Reached XP level 1. HP: 13/13 MP: 6/6
    40 | D:1      | You fall into a shaft and drop 1 floor!
    53 | D:2      | Reached XP level 2. HP: 14/19 MP: 7/7
   147 | D:2      | HP: 1/20 [quokka (1)]
   398 | D:1      | Reached skill level 5 in Spellcasting
   398 | D:1      | Reached XP level 3. HP: 21/25 MP: 7/9
   752 | D:1      | Reached skill level 1 in Invocations
  1228 | D:2      | Reached skill level 1 in Fighting
  1228 | D:2      | Reached skill level 1 in Short Blades
  1228 | D:2      | Reached skill level 1 in Long Blades
  1228 | D:2      | Reached skill level 1 in Maces & Flails
  1228 | D:2      | Reached skill level 1 in Polearms
  1228 | D:2      | Reached skill level 1 in Staves
  1228 | D:2      | Reached skill level 1 in Ranged Weapons
  1228 | D:2      | Reached skill level 1 in Armour
  1228 | D:2      | Reached skill level 1 in Shields
  1228 | D:2      | Reached skill level 1 in Unarmed Combat
  1228 | D:2      | Reached skill level 1 in Evocations
  1372 | D:2      | Found a faded altar of an unknown god.
  1382 | D:2      | Reached XP level 4. HP: 32/32 MP: 11/11
  1383 | D:2      | Prayed at the altar of an unknown god.
  1383 | D:2      | Became a worshipper of Qazlal Stormbringer
  1383 | D:2      | Reached * piety under Qazlal
  1410 | D:2      | Found a shimmering altar of Xom.
  1753 | D:3      | Reached skill level 1 in Conjurations
  1753 | D:3      | Reached skill level 1 in Hexes
  1753 | D:3      | Reached skill level 1 in Summonings
  1753 | D:3      | Reached skill level 1 in Necromancy
  1753 | D:3      | Reached skill level 1 in Translocations
  1753 | D:3      | Reached skill level 1 in Transmutations
  1753 | D:3      | Reached skill level 1 in Fire Magic
  1753 | D:3      | Reached skill level 1 in Ice Magic
  1753 | D:3      | Reached skill level 1 in Earth Magic
  1753 | D:3      | Reached skill level 1 in Poison Magic
  1810 | D:3      | Found a radiant altar of Vehumet.
  1979 | D:3      | Reached XP level 5. HP: 21/37 MP: 0/12
  2501 | D:4      | Reached ** piety under Qazlal
  2902 | D:4      | Reached XP level 6. HP: 32/44 MP: 14/14
  2916 | D:4      | Reached skill level 5 in Axes
  2916 | D:4      | Reached skill level 5 in Throwing
  3050 | D:4      | Found an ancient bone altar of Kikubaaqudgha.
  3304 | D:4      | Found a staircase to the Ecumenical Temple.
  3461 | D:5      | Entered Level 5 of the Dungeon
  3594 | D:5      | Reached XP level 7. HP: 50/50 MP: 15/15
  3830 | D:5      | Found a hide-covered altar of Uskayaw.
  3830 | D:5      | Noticed a +0 dagger
  3831 | D:5      | Noticed a +0 hand axe
  4016 | D:5      | Found a runed translucent door.
  4019 | D:5      | Found a runed translucent door.
  4280 | D:6      | Slain by an ogre

Illustrated notes

Levels and vault maps discovered:
D:1:      dpeg_arrival_tiny_a, layout_basic, fountainhead, serial_bayou_pond_d,
          kennysheep_minor_cross, dk_noncrumbling_4
D:2:      layout_rooms, basic_altar, shapermc_ecumenical_altar_notcrosses
D:3:      layout_basic, nicolae_vehumet_altar_sigil,
          chequers_serial_rivers_small_a
D:4:      minmay_opposing_rooms, layout_basic,
          mainiacjoe_overflow_cross_hatched, temple_hall_moat
D:5:      lemuel_insect_pit, layout_rooms, dancing_weapons_uskayaw,
          kennysheep_generic_room_14
D:6:      layout_loops_corners

Skill      XL: |  1  2  3  4  5  6  7 |
---------------+----------------------+-----
Spellcasting   | 5 |  5.7
Invocations    | 1 2 3 |  3.0
Fighting       | 1 2 |  2.7
Short Blades   | 1 2 |  2.7
Long Blades    | 1 2 |  2.7
Maces & Flails | 1 2 |  2.7
Polearms       | 1 2 |  2.7
Staves         | 1 2 |  2.7
Ranged Weapons | 1 2 |  2.7
Armour         | 1 2 |  2.7
Shields        | 1 2 |  2.7
Unarmed Combat | 1 2 |  2.7
Evocations     | 1 2 |  2.7
Conjurations   | 1 2 |  2.2
Hexes          | 1 2 |  2.2
Summonings     | 1 2 |  2.2
Necromancy     | 1 2 |  2.2
Translocations | 1 2 |  2.2
Transmutations | 1 2 |  2.2
Fire Magic     | 1 2 |  2.2
Ice Magic      | 1 2 |  2.2
Earth Magic    | 1 2 |  2.2
Poison Magic   | 1 2 |  2.2
Dodging        | 3 |  3.8
Air Magic      | 4 |  4.4
Stealth        | 3 |  3.6
Axes           | 5 |  5.3
Throwing       | 5 |  5.3

Action                     |  1- 3 |  4- 6 |  7- 9 || total
---------------------------+-------+-------+-------++-------
  Melee: Hand axe          |    73 |   198 |    55 ||   326
         Bite              |     6 |    16 |     9 ||    31
         Punch             |     1 |     2 |       ||     3
   Cast: Shock             |    11 |    22 |     5 ||    38
    Use: Scroll            |       |     7 |       ||     7
         Potion            |       |     2 |       ||     2
   Stab: Sleeping          |     4 |       |       ||     4
         Invisible         |       |     1 |       ||     1
 Armour: Robe              |    11 |    13 |       ||    24
         Ring mail         |       |    55 |    19 ||    74
  Dodge: Dodged            |    46 |   124 |    31 ||   201
  Block: Other             |       |    25 |     9 ||    34

Table legend: (Time is in decaauts)
 A = Elapsed time spent in this place.
 B = Non-inter-level travel time spent in this place.
 C = Inter-level travel time spent in this place.
 D = Time resting spent in this place.
 E = Time spent auto-exploring this place.
 F = Levels seen in this place.
 G = Mean time per level.
                   A        B        C        D        E       F      G
               +--------+--------+--------+--------+--------+-----+--------+
         Total |   4301 |   4163 |    138 |    590 |   2730 |   6 |  716.8 |
       Dungeon |   4301 |   4163 |    138 |    590 |   2730 |   6 |  716.8 |
               +--------+--------+--------+--------+--------+-----+--------+

Top non-repeatable levels by time:
     D:4: 1180 daAuts
     D:1: 1036 daAuts
     D:3: 754 daAuts
     D:5: 675 daAuts
     D:2: 609 daAuts
     D:6: 45 daAuts
